 Dungeon Crawl Stone Soup version 0.28-a0-1616-g050a50673c (webtiles) character file.

Game seed: 17942028184216226191

826 hashsling the Chopper (level 7, -1/66 HPs)
             Began as a Hill Orc Fighter on Jan 22, 2022.
             Slain by a yak (13 damage)
             ... on level 5 of the Dungeon.
             The game lasted 00:08:41 (4680 turns).

hashsling the Chopper (Hill Orc Fighter)            Turns: 4680, Time: 00:08:41

Health: -1/66      AC:  9    Str: 27    XL:     7   Next: 96%
Magic:  7/7        EV: 10    Int:  8    God:
Gold:   147        SH:  4    Dex: 10    Spells: 6/6 levels left

rFire   . . .      SeeInvis .   a - +0 war axe
rCold   . . .      Faith    .   c - +0 buckler
rNeg    + + .      Spirit   .   s - +2 ring mail {rN+}
rPois   .          Reflect  .   (no helmet)
rElec   .          Harm     .   (no cloak)
rCorr   .          Rampage  .   h - +0 pair of gloves
Will    .....                   (no boots)
Stlth   ..........              (no amulet)
HPRegen 0.21/turn               i - +6 ring of strength
MPRegen 0.10/turn               q - ring of positive energy

@: invisible
A: no striking features
a: no special abilities


You were on level 5 of the Dungeon.
You visited 1 branch of the dungeon, and saw 6 of its levels.

You collected 175 gold pieces.
You spent 28 gold pieces at shops.

Inventory:

Hand Weapons
 a - a +0 war axe (weapon)
Missiles
 b - a throwing net (quivered)
Armour
 c - a +0 buckler (worn)
 h - a +0 pair of gloves (worn)
 s - a +2 ring mail of positive energy (worn)
Jewellery
 i - a +6 ring of strength (left hand)
 q - a ring of positive energy (right hand)
Scrolls
 f - a scroll of amnesia
 g - a scroll of enchant armour
 k - a scroll of torment
 l - a scroll of brand weapon
 m - 2 scrolls of silence {unknown}
 p - a scroll of noise {unknown}
 r - a scroll of fog {unknown}
Potions
 e - 2 potions of degeneration {unknown}
 n - 3 potions of heal wounds
 o - a potion of magic {unknown}


   Skills:
 * Level 7.0 Fighting
 * Level 7.1 Axes
 + Level 5.9 Armour
 - Level 4.0 Shields


You had 6 spell levels left.
You didn't know any spells.
Your spell library contained the following spells:

 Spells                   Type           Power      Damage    Failure   Level
 Inner Flame              Hex/Fire       0%         N/A       94%         3
 Tukima's Dance           Hex            0%         N/A       94%         3
 Anguish                  Hex/Necr       0%         N/A       100%        4
 Cause Fear               Hex            0%         N/A       100%        4
 Enfeeble                 Hex            0%         N/A       100%        7
 Discord                  Hex            0%         N/A       100%        8


Dungeon Overview and Level Annotations

Branches:
Dungeon (6/15)
 Temple: D:4-7

Altars:
Uskayaw
Yredelemnul

Shops:
D:2 =   D:3 ?   D:4 :*[!!


Message History

(D) Dungeon
Where to? (Enter - D:4, ? - help)
What level of the Dungeon? (default 1, ? - help)
Things that are here:
a +0 club; 2 poisoned darts
There is a stone staircase leading down here.
You climb downwards.
The yak bellows! x3
The yak closely misses you. x2
A phantom comes into view.
There is a stone staircase leading up here.
You fade into invisibility!
You block the yak's attack. The yak closely misses you.
You barely miss the yak.
You closely miss the yak. x2; The yak gores you.
The yak gores you! The yak gores you.
You hit the yak but do no damage. You slash the yak!
You hit the yak but do no damage. The yak gores you.
The yak gores you but does no damage. The yak closely misses you.
You hit the yak but do no damage. x2; You barely miss the yak.
The yak gores you but does no damage. The yak gores you!
The yak barely misses you.
You hit the yak.
The yak is heavily wounded.
You hit the yak. x2; The yak misses you.
You block the yak's attack. The yak gores you but does no damage.
You hit the yak but do no damage.
The yak is heavily wounded.
You closely miss the yak. You hit the yak. The yak gores you!
The yak closely misses you. The yak gores you. The yak closely misses you.
You catch the helpless yak completely off-guard!
You hit the yak but do no damage.
The yak is heavily wounded.
You hit the yak but do no damage. You barely miss the yak.
The yak closely misses you.
You slash the yak!
The yak is heavily wounded.
You barely miss the yak. You closely miss the yak. The yak gores you!
* * * LOW HITPOINT WARNING * * *
The yak gores you!
You die...

######
#@Y..#
#YYY.#
##W.##
....
...#.
...#
..
...# .
####


You could see 4 yaks and a phantom.

Vanquished Creatures
  Duvessa (D:4)
  Pargi (D:4)
  An ice beast (D:3)
  A necrophage (D:4)
  An ogre (D:4)
  A centaur (D:6)
  Dowan (D:4)
  A gnoll shaman (D:4)
  7 gnolls (D:4)
  6 adders
  An adder skeleton (D:4)
  2 worms
  A dart slug (D:1)
  8 ball pythons
  9 endoplasms
  3 giant cockroaches (D:2)
  6 goblins
  7 hobgoblins
  5 jackals
  5 quokkas
  6 bats
  2 frilled lizards
  5 kobolds
  4 rats
85 creatures vanquished.

Vanquished Creatures (others)
  A fungus (D:1)
1 creature vanquished.

Grand Total: 86 creatures vanquished

Notes
Turn   | Place    | Note
-------+----------+-------------------------------------------
     0 | D:1      | hashsling the Hill Orc Fighter began the quest for the Orb.
     0 | D:1      | Reached XP level 1. HP: 19/19 MP: 1/1
   139 | D:1      | Reached XP level 2. HP: 27/27 MP: 2/2
   451 | D:1      | Found a faded altar of an unknown god.
   595 | D:1      | Reached XP level 3. HP: 30/33 MP: 3/3
  1335 | D:2      | Found Rietrag's Jewellery Shop.
  1407 | D:2      | Reached XP level 4. HP: 38/40 MP: 4/4
  1843 | D:3      | Found Fyesk's Magic Scroll Emporium.
  1868 | D:3      | Bought a scroll of identify for 28 gold pieces
  2078 | D:3      | You fall into a shaft and drop 3 floors!
  2128 | D:6      | Noticed a centaur
  2137 | D:6      | Killed a centaur
  2138 | D:6      | Reached XP level 5. HP: 8/47 MP: 5/5
  2428 | D:5      | Entered Level 5 of the Dungeon
  2501 | D:4      | Noticed Pargi
  2512 | D:4      | Killed Pargi
  2513 | D:4      | Reached skill level 5 in Fighting
  2513 | D:4      | Reached skill level 5 in Axes
  2513 | D:4      | Reached XP level 6. HP: 35/56 MP: 6/6
  2727 | D:4      | Found Tuepnete's Armour Shop.
  2754 | D:4      | Noticed a necrophage
  2877 | D:3      | Noticed an ice beast
  2893 | D:3      | Killed an ice beast
  2894 | D:3      | Reached skill level 5 in Armour
  2902 | D:3      | Found a hide-covered altar of Uskayaw.
  3280 | D:4      | Killed a necrophage
  3281 | D:4      | Reached XP level 7. HP: 51/63 MP: 7/7
  3439 | D:4      | Found Avvouh's Book Boutique.
  3440 | D:4      | Found Peigeis's Assorted Antiques.
  3548 | D:4      | Found Voympug's Distillery.
  3801 | D:4      | Found Tosh's Distillery.
  3936 | D:4      | Found a basalt altar of Yredelemnul.
  3939 | D:4      | Noticed Dowan
  3940 | D:4      | Noticed Duvessa
  3948 | D:4      | Killed Dowan
  3951 | D:4      | Killed Duvessa
  4672 | D:5      | Noticed a yak
  4672 | D:5      | Noticed a yak
  4672 | D:5      | Noticed a yak
  4672 | D:5      | Noticed a yak
  4680 | D:5      | Slain by a yak

Illustrated notes

Levels and vault maps discovered:
D:1:      mrwooster_arrival_statue_2, layout_basic,
          dreamdust_ecumenical_altar_hidden_monk_grotto
D:2:      layout_basic, serial_shops, shop
D:3:      layout_loops_ring, mainiacjoe_overflow_catwalk, serial_shops, shop
D:4:      layout_layer_cave, mainiacjoe_overflow_small_starburst, serial_shops,
          shop, shop, shop_fountains, kennysheep_mini_moat, shop_fountains,
          kennysheep_generic_room_11, uniq_pargi, uniq_duvessa
D:5:      layout_gridville, general_overflow_altar, marbit_many_paths,
          uniq_prince_ribbit1
D:6:      layout_loops_ring, minmay_temple_entry_hall, minivault_11,
          nrook_uturn, minmay_misc_feat_more_columns, dk_rats_in_the_wall,
          uniq_crazy_yiuf_cottage

Skill      XL: |  1  2  3  4  5  6  7 |
---------------+----------------------+-----
Axes           | 3 4 5 7 |  7.1
Fighting       | 4 5 6 7 |  7.0
Armour         | 4 5 |  5.9
Shields        | 4 |  4.0

Action                   |  1- 3 |  4- 6 |  7- 9 || total
-------------------------+-------+-------+-------++-------
Melee: War axe           |   102 |   113 |    59 ||   274
  Use: Scroll            |       |     6 |       ||     6
       Potion            |       |     1 |     2 ||     3
 Stab: Invisible         |       |       |     1 ||     1
Armor: Scale mail        |    52 |    61 |       ||   113
       Ring mail         |       |    14 |    22 ||    36
Dodge: Dodged            |    45 |    76 |    29 ||   150
Block: Buckler           |    21 |    30 |    11 ||    62

Table legend: (Time is in decaauts)
 A = Elapsed time spent in this place.
 B = Non-inter-level travel time spent in this place.
 C = Inter-level travel time spent in this place.
 D = Time resting spent in this place.
 E = Time spent auto-exploring this place.
 F = Levels seen in this place.
 G = Mean time per level.
                   A        B        C        D        E       F      G
               +--------+--------+--------+--------+--------+-----+--------+
         Total |   4766 |   4682 |     84 |      0 |   3945 |   6 |  794.3 |
       Dungeon |   4766 |   4682 |     84 |      0 |   3945 |   6 |  794.3 |
               +--------+--------+--------+--------+--------+-----+--------+

Top non-repeatable levels by time:
     D:4: 1696 daAuts
     D:2: 1065 daAuts
     D:1: 823 daAuts
     D:3: 750 daAuts
     D:6: 355 daAuts
     D:5: 74 daAuts
